 Dungeon Crawl Stone Soup version 0.29.1-1-gd02db6906a (webtiles) character file.

Game seed: 12332356990078072297

18 MisterFreud the Twirler (level 2, 0/22 HPs)
             Began as a Formicid Gladiator on Sept 29, 2022.
             Succumbed to an adder's poison
             ... on level 2 of the Dungeon.
             The game lasted 00:00:54 (602 turns).

MisterFreud the Twirler (Formicid Gladiator)         Turns: 602, Time: 00:00:55

Health: 0/22       AC:  3    Str: 18    XL:     2   Next: 85%
Magic:  2/2        EV: 27    Int:  7    God:
Gold:   18         SH:  0    Dex: 15    Spells: 1/1 levels left

rFire   . . .      SeeInvis +   a - +0 quarterstaff
rCold   . . .      Faith    .   (no shield)
rNeg    + . .      Spirit   .   b - +0 leather armour
rPois   .          Reflect  .   (helmet unavailable)
rElec   .          Harm     .   (no cloak)
rCorr   .          Rampage  .   (no gloves)
Will    .....                   (no boots)
Stlth   +.........              h - amulet of the acrobat
HPRegen 0.07/turn               f - ring of positive energy
MPRegen 0.08/turn               (no ring)

@: lethally poisoned (0 -> -1), acrobatic
A: permanent stasis, dig shafts and tunnels, antennae 3, four strong arms
a: Dig, Shaft Self


You were on level 2 of the Dungeon.
You visited 1 branch of the dungeon, and saw 2 of its levels.

You collected 18 gold pieces.

Inventory:

Hand Weapons
 a - a +0 quarterstaff (weapon)
Missiles
 c - 3 throwing nets (quivered)
 d - a javelin
Armour
 b - a +0 leather armour (worn)
Jewellery
 f - a ring of positive energy (left hand)
 h - an amulet of the acrobat (around neck)
Scrolls
 g - a scroll of identify
Potions
 i - a potion of cancellation


   Skills:
 - Level 2.1 Fighting
 + Level 3.9 Staves
 - Level 2.0 Throwing
 - Level 2.6 Dodging


You had one spell level left.
You didn't know any spells.
Your spell library was empty.

Dungeon Overview and Level Annotations

Branches:
Dungeon (2/15)

Altars:


Innate Abilities, Weirdness & Mutations

You cannot be hasted, slowed, berserked, paralysed or teleported.
You can dig through walls and to a lower floor.
You have a pair of large antennae on your head. (SInv)
Your four strong arms can wield two-handed weapons with a shield.


Message History

The bat barely misses you. The adder closely misses you.
You miss the adder. The bat barely misses you. The adder barely misses you.
You closely miss the adder. The bat hits you but does no damage.
The adder barely misses you. The adder bites you but does no damage.
You barely miss the adder. The bat closely misses you.
The adder bites you but does no damage.
You hit the adder.
The adder is heavily wounded.
The bat hits you but does no damage. The adder barely misses you.
The adder bites you.
You are poisoned.
The adder poisons you!
You barely miss the adder.
The adder is heavily wounded.
You feel sick. The bat misses you. The adder bites you.
You are more poisoned.
The adder poisons you!
You thump the adder!
You kill the adder!
You feel sick. The bat hits you but does no damage. The bat hits you.
* * * LOW HITPOINT WARNING * * *
You are too injured to fight recklessly!
Unknown command.
Okay, then.
You hit the bat but do no damage.
* * * LOW HITPOINT WARNING * * *
You feel sick. The bat hits you but does no damage.
Okay, then.
* * * LOW HITPOINT WARNING * * *
You feel sick. The bat closely misses you.
Things that are here:
a +0 short sword; 4 stones; a kobold corpse
* * * LOW HITPOINT WARNING * * *
You feel sick. The bat completely misses you.
Okay, then.
The bat attacks as you move away! The bat barely misses you.
* * * LOW HITPOINT WARNING * * *
You feel sick. The bat barely misses you. The bat hits you but does no damage.
The bat attacks as you move away! The bat completely misses you.
You die...

........###
..........#
........<.#
......>$..###
.(?.........#
###.....###†# #
....###)#.#.##.#
.## #.b##....#
#.##.@.!# ...
#.##.# #.##..#.
.# #.#.#. ##.# #
# #. .. .# ..


You could see a bat.

Vanquished Creatures
  An adder (D:2)
  A hobgoblin (D:2)
  2 kobolds
  2 bats (D:1)
  3 rats
9 creatures vanquished.

Notes
Turn   | Place    | Note
-------+----------+-------------------------------------------
     0 | D:1      | MisterFreud the Formicid Gladiator began the quest for the
                  | Orb.
     0 | D:1      | Reached XP level 1. HP: 16/16 MP: 1/1
   383 | D:1      | Found a faded altar of an unknown god.
   586 | D:2      | Reached XP level 2. HP: 22/22 MP: 2/2
   601 | D:2      | HP: 1/22 [poisoned by an adder]
   602 | D:2      | Succumbed to an adder's poison

Illustrated notes

Levels and vault maps discovered:
D:1:      dpeg_arrival_erosion, layout_rooms,
          dreamdust_ecumenical_altar_sealed_demon
D:2:      layout_loops_ring, minmay_heptomino_o4, uniq_crazy_yiuf_cottage

Action                   || total
-------------------------++-------
Melee: Quarterstaff      ||    26
  Use: Scroll            ||     3
Armor: Leather armour    ||    13
Dodge: Dodged            ||    24
